 Dungeon Crawl Stone Soup version 0.20.1-2-g1830e616b0 (webtiles) character file.

452 Pixllover the Cudgeler (level 6, 0/56 HPs)
             Began as a Minotaur Berserker on June 14, 2019.
             Was a Priest of Trog.
             Slain by Menkaure (8 damage)
             ... on level 4 of the Dungeon.
             The game lasted 00:09:15 (2623 turns).

Pixllover the Cudgeler (Minotaur Berserker)         Turns: 2623, Time: 00:09:15

Health: 0/56       AC:  8    Str: 23    XL:     6   Next: 75%
Magic:  5/5        EV: 12    Int:  4    God:    Trog [***...]
Gold:   176        SH:  0    Dex: 10    Spells: 5/5 levels left

rFire    . . .     SeeInvis .   q - +2 mace (protect)
rCold    . . .     Gourm    .   (no shield)
rNeg     . . .     Faith    .   e - +1 ring mail
rPois    .         Spirit   .   (helmet restricted)
rElec    .         Reflect  .   r - +0 cloak
rCorr    .         Harm     .   (no gloves)
MR       .....                  (no boots)
Stlth    ..........             (no amulet)
Regen    0.2/turn               (no ring)
MPRegen  0.1/turn               (no ring)

@: berserk cooldown, slowed, very slow
A: retaliatory headbutt, horns 2
a: Berserk, Trog's Hand, Burn Spellbooks, Renounce Religion


You were on level 4 of the Dungeon.
You worshipped Trog.
Trog was most pleased with you.
You were not hungry.

You visited 1 branch of the dungeon, and saw 4 of its levels.

You collected 176 gold pieces.

Inventory:

Hand Weapons
 q - a +2 mace of protection (weapon)
 u - a +2 quarterstaff of chaos
 y - a +0 scythe
Missiles
 p - 5 tomahawks (quivered)
 w - 6 needles of sleeping
Armour
 e - a +1 ring mail (worn)
 r - a +0 cloak (worn)
Scrolls
 f - a scroll of recharging
 h - 4 scrolls of identify
 k - 2 scrolls of enchant armour
 l - 2 scrolls of remove curse
 m - 2 scrolls of immolation
 t - 2 scrolls of teleportation
 z - a scroll of amnesia {unknown}
Potions
 a - a potion of berserk rage {unknown}
 b - a potion of brilliance
 g - 3 potions of mutation {unknown}
 j - a potion of flight {unknown}
 n - a potion of curing
 o - a potion of resistance {unknown}
 s - 2 potions of heal wounds {unknown}
 v - a potion of degeneration {unknown}
Comestibles
 c - 2 bread rations
 d - 3 fruits
 i - 3 royal jellies
 x - 4 chunks of flesh


   Skills:
 + Level 5.0 Fighting
 + Level 6.8 Maces & Flails
 + Level 4.4 Armour
 + Level 3.6 Dodging


You had 5 spell levels left.
You didn't know any spells.

Dungeon Overview and Level Annotations

Branches:
Dungeon (4/15)
 Temple: D:4-7

Altars:

Shops:
D:4 *

Annotations:
D:4 Grinder, Menkaure


Innate Abilities, Weirdness & Mutations

You reflexively headbutt those who attack you in melee.
You have a pair of horns on your head.


Message History

You sock the orc!
You kill the orc!
Trog accepts your kill.
Things that are here:
a trident; a leather armour You feel a strong urge to attack something.
You are no longer berserk.
You are exhausted.
You feel yourself slow down. Grinder gestures at you.
Pain shoots through your body!
Menkaure calls on the powers of darkness!
Your body is wracked with pain!
* * * LOW HITPOINT WARNING * * *
Menkaure calls on the powers of darkness!
Your body is wracked with pain!
* * * LOW HITPOINT WARNING * * *
Grinder gestures at you. You resist with significant effort. Menkaure hits you!
You die...

..........# .#
..........####.##
.................∩
..................
.........<........
..................
......M.......$..
#.@.......... ..#
####.5....####.# ..#
#.........)†.## #.##..##
#.........)†).# #.....[# ..
#........[).).###......#
..##.........)...##.......#
......................)...#
####...................>...##
.............................


You could see Grinder and Menkaure.

Vanquished Creatures
  Sigmund (D:4)
  A quasit (D:3)
  A hound (D:4)
  Crazy Yiuf (D:3)
  4 adders
  4 gnolls (D:4)
  2 oozes
  5 dart slugs
  3 leopard geckos
  13 orcs
  14 bats
  4 giant cockroaches
  8 goblins
  5 hobgoblins
  4 jackals (D:4)
  5 quokkas
  3 frilled lizards
  10 kobolds
  A quokka skeleton (D:4)
  7 rats
  2 fungi (D:3)
98 creatures vanquished.

Notes
Turn   | Place    | Note
-------+----------+-------------------------------------------
     0 | D:1      | Pixllover the Minotaur Berserker began the quest for the Orb.
     0 | D:1      | Reached XP level 1. HP: 19/19 MP: 0/0
   159 | D:1      | Reached XP level 2. HP: 15/27 MP: 1/1
   199 | D:1      | Reached skill level 4 in Maces & Flails
   593 | D:2      | Reached XP level 3. HP: 20/33 MP: 2/2
   604 | D:2      | Reached ** piety under Trog
   920 | D:2      | Reached XP level 4. HP: 40/40 MP: 3/3
  1418 | D:3      | Reached skill level 5 in Maces & Flails
  1450 | D:3      | Reached XP level 5. HP: 32/47 MP: 4/4
  1715 | D:3      | Reached *** piety under Trog
  2062 | D:3      | Found a runed door.
  2066 | D:3      | Noticed Crazy Yiuf
  2074 | D:3      | Killed Crazy Yiuf
  2520 | D:4      | Noticed Sigmund
  2539 | D:4      | Killed Sigmund
  2539 | D:4      | Reached skill level 6 in Maces & Flails
  2539 | D:4      | Reached XP level 6. HP: 55/55 MP: 5/5
  2547 | D:4      | Reached skill level 5 in Fighting
  2598 | D:4      | Found Pecse's Assorted Antiques.
  2604 | D:4      | Noticed Grinder
  2616 | D:4      | Noticed Menkaure
  2623 | D:4      | Slain by Menkaure

Skill      XL: |  1  2  3  4  5  6 |
---------------+-------------------+-----
Maces & Flails | 4 5 6 |  6.8
Fighting       | 4 5 |  5.0
Armour         | 3 4 |  4.4
Dodging        | 3 |  3.6

Action                   |  1- 3 |  4- 6 || total
-------------------------+-------+-------++-------
Melee: Mace              |    72 |   125 ||   197
       Headbutt          |    15 |    23 ||    38
Invok: Berserk           |       |     2 ||     2
  Use: Scroll            |     8 |     5 ||    13
  Eat: Chunk             |       |     6 ||     6
       Fruit             |       |     1 ||     1
Armor: Ring mail         |    62 |    70 ||   132
Dodge: Dodged            |    84 |   121 ||   205
